cohdb
Replays
Latest Replays
All Replays
Popular Replays
Top Player Replays
Match Explorer
How It Works
Community
CoH3 Stats
Reddit
Sign in to upload your games and track your stats! →
Sign in with Steam
Match 43610004
Unlisted
Match 43610004
Overview
Messages
Build Orders
End
Vickers Machine Gun Team
Construct Section Command Post
Selects Indian Artillery Battlegroup
Infantry Section
Infantry Section
Grenade Package
Construct Field Infirmary
ML 3-inch Mortar Team
Selects Artillery Saturation
Construct Platoon Command Post
Selects Off-map Airburst Barrage
Unlock Bishop Self-propelled Artillery
Bishop Self-propelled Artillery
6-pounder Anti-tank Gun Team
Infantry Training
Team Weapon Training
Selects BL5.5 Artillery Emplacement
Construct Company Command Post
Off-map Airburst Barrage
Selects Valour
Unlock Towed 17-pounder Anti-tank Guns
Off-map Airburst Barrage
R. Montecuccoli
Mobutu Sese Seko
ShogunLeo
BotWülf
Dominoxan
Blitz_Gamer93
Liviu
TotallyUndressed
0
0
Comments
sign in to comment!
No comments posted yet!